Cogmind - Beta 15 @@@ ROGUE MODE // 2025.07.30 @ 21:24:08 Player: BattleBruvva Result: Destroyed by X5-76Q(R) with Subdweller Laser Performance ------------- Evolutions (0) 0 Regions Visited (2) 400 Robots Destroyed (13) 65 Value Destroyed (336) 336 Prototype IDs (0) 0 Alien Tech Used (0) 0 Bonus (0) 0 TOTAL SCORE: 801 Bonus ------- None Cogmind --------- Core Integrity 0/250 Matter 225/300 Energy 200/200 System Corruption 0% Temperature Cool (6) Movement Core (250) Ox4 Location -10/Subcaves Parts ------- > --- POWER (1) -------- Subdweller Power Source > --- PROPULSION (2) --- (None) > --- UTILITY (2) ------ Small Storage Unit Seismic Detector > --- WEAPON (2) ------- Subdweller Laser > --- INVENTORY (8) ---- Ion Engine Light Treads Light Treads Signal Interpreter Medium Laser Medium Laser Subdweller Shrapnel Launcher Peak State ------------ > --- POWER ------------ Subdweller Power Source > --- PROPULSION ------- Subdweller Monowheel Subdweller Monowheel > --- UTILITY ---------- Small Storage Unit Seismic Detector > --- WEAPON ----------- Subdweller Laser Battle Cannon > --- INVENTORY -------- Ion Engine Light Treads Light Treads Signal Interpreter Medium Laser Medium Laser Light Assault Rifle Light Assault Rifle [Rating: 12] Favorites ----------- Power Subdweller Power Source Engine Subdweller Power Source Propulsion Wheel Wheel Wheel Utility Small Storage Unit Device Seismic Detector Storage Small Storage Unit Weapon Medium Laser Energy Gun Medium Laser Ballistic Cannon Battle Cannon Launcher Subdweller Shrapnel Launcher Build | -11 -10 -10 ------- Run | Yrd Mat Sub Slots Evolved . | . . . Power . | . . . Propulsion . | . . . Utility . | . . . Weapon . | . . . Parts Attached 16 | 8 2 6 Power 3 | 2 . 1 Engine 3 | 2 . 1 Core . | . . . Reactor . | . . . Propulsion 5 | 2 1 2 Treads . | . . . Leg . | . . . Wheel 5 | 2 1 2 Hover . | . . . Flight . | . . . Utility 3 | 2 1 . Device 2 | 1 1 . Storage 1 | 1 . . Processor . | . . . Hackware . | . . . Protection . | . . . Artifact . | . . . Weapon 5 | 2 . 3 Energy Gun 3 | 2 . 1 Energy Cannon . | . . . Ballistic Gun . | . . . Ballistic Cannon 1 | . . 1 Launcher 1 | . . 1 Special Weapon . | . . . Impact Weapon . | . . . Slashing Weapon . | . . . Piercing Weapon . | . . . Special Melee Weapon . | . . . Unidentified Prototypes . | . . . Parts Lost 5 | . . 5 Power . | . . . Propulsion 4 | . . 4 Utility . | . . . Weapon 1 | . . 1 Highest Loss Streak 3 | . . 3 To Critical Strikes . | . . . Average Backups 6 | 2 6 7 Power . | . 1 1 Propulsion 2 | 1 2 2 Utility . | . . 1 Weapon 2 | . 2 3 Tool/Special . | . . . Unused Backups 7 | . . 7 Power . | . . . Propulsion 2 | . . 2 Utility 1 | . . 1 Weapon 4 | . . 4 Tool/Special . | . . . Average Slot Usage (%) 97 | . 99 96 Engine 14 | . 14 14 Wheel 26 | . 28 25 Device 14 | . 14 14 Storage 14 | . 14 14 Energy Gun 20 | . 27 15 Ballistic Cannon 6 | . . 11 Peak Build Rating 12 | 7 7 12 Average Rating 8 | 5 6 10 On Entrance 4 | . 7 7 Naked Turns . | . . . Heaviest Build 22 | 14 14 22 Greatest Support 40 | 20 20 40 Greatest Overweight (x) 3 | 2 . 3 Average Overweight (x) . | . . . Largest Inventory Capacity 8 | 8 8 8 Average Capacity 7 | 7 8 8 Most Carried 8 | 5 8 8 Average Carried 6 | 2 6 7 Final Capacity 8 | 8 8 8 Final Carried 8 | 5 8 7 Class Distribution -------------------- 64% | Mutant 35% | Scavenger-Mutant Dominant Class ---------------- Mutant | -10/Materials Scavenger-Mutant | -10/Subcaves Resources | -11 -10 -10 ----------- Run | Yrd Mat Sub Matter Collected 380 | 280 30 70 Remotely . | . . . Salvage Created 506 | 139 143 224 Parts 28 | 3 10 15 Haulers Intercepted . | . . . Recyclers Shooed . | . . . Parts Field Recycled . | . . . Retrieved Matter . | . . . Parts Self-Destructed 7 | . . 7 Prevented . | . . . Kills | -11 -10 -10 ------- Run | Yrd Mat Sub Combat Hostiles Destroyed 10 | . 5 5 Guns 9 | . 5 4 AOE 1 | . . 1 Classes Destroyed 6 | 2 2 2 Tunneler 2 | 2 . . Recycler 1 | 1 . . Swarmer 3 | . 3 . Grunt 2 | . 2 . Sentry 1 | . . 1 Subdweller 4 | . . 4 Best Kill Streak 3 | 1 3 2 Combat Bots Only 3 | . 3 2 Max Kills in Single Turn 1 | 1 1 1 Gunslinging . | . . . Exploded 1 | . . 1 Melee . | . . . Uniques/NPCs Destroyed . | . . . Combat | -11 -10 -10 -------- Run | Yrd Mat Sub Hostile Shots Fired 51 | . 21 30 Missed 8 | . 1 7 Hits 43 | . 20 23 Projectile 43 | . 20 23 AOE 4 | . . 4 Damage Taken 936 | . 243 693 Core 254 | . 65 189 Absorbed by Shields . | . . . Core Remaining (%) 100 | 100 . . Volleys Fired 37 | 7 11 19 Largest 2 | 2 2 2 Hottest 93 | 90 90 93 Shots Fired 65 | 14 22 29 Gun 58 | 14 22 22 Cannon 4 | . . 4 Launcher 3 | . . 3 Special . | . . . Kinetic 7 | . . 7 Thermal 58 | 14 22 22 Explosive . | . . . Electromagnetic . | . . . Robot Hit Streak 15 | 7 6 15 Robot Miss Streak 2 | 1 2 1 Penetration Max . | . . . Secondary Targets 1 | . 1 . Max Gunslinging Chain 1 | . 1 . Shots Hit Robots 50 | 12 14 24 Core Hits 24 | 4 8 12 Critical Kills . | . . . Critical Parts Destroyed . | . . . Critical Strikes 4 | 1 2 1 Burn 4 | 1 2 1 Melee Attacks . | . . . Impact . | . . . Slashing . | . . . Piercing . | . . . Sneak Attacks . | . . . Combat Hostiles . | . . . Follow-up Attacks . | . . . Damage Inflicted 899 | 147 160 592 Guns 643 | 147 160 336 Cannons 36 | . . 36 Explosions 220 | . . 220 Melee . | . . . Ramming . | . . . Kinetic 256 | . . 256 Thermal 643 | 147 160 336 Explosive . | . . . Electromagnetic . | . . . Impact . | . . . Slashing . | . . . Piercing . | . . . Highest Corruption . | . . . Average Corruption . | . . . Corruption Purged . | . . . Corruption Blocked . | . . . Overload Shots . | . . . Overflow Damage . | . . . Projectiles . | . . . Explosions . | . . . Melee . | . . . Knockbacks 1 | . . 1 Impact . | . . . Kinetic 1 | . . 1 Secondary . | . . . Self-Inflicted Damage 44 | . . 44 Shots 1 | . . 1 Rammed . | . . . Targets Rammed . | . . . Kicked . | . . . Crushed . | . . . Highest Temperature 282 | 120 282 20 Average Temperature 87 | 48 113 13 Received Heat Transfer 174 | . 72 102 Siege Activations . | . . . Martial Activations . | . . . Shielding Activations . | . . . Robots Disrupted . | . . . Combat Hostiles . | . . . Robots Corrupted . | . . . Combat Hostiles . | . . . Parts Fried . | . . . Impact Corruptions . | . . . Robots Melted . | . . . Combat Hostiles . | . . . Parts Melted 7 | 3 3 1 Heat Transferred 1711 | 458 582 671 Parts Sabotaged . | . . . Parts Stolen . | . . . Parts Stripped . | . . . Power Chain Reactions . | . . . Alert | -11 -10 -10 ------- Run | Yrd Mat Sub Maximum Alert Level . | . . . Low Security (%) 100 | 100 100 . Level 1 . | . . . Level 2 . | . . . Level 3 . | . . . Level 4 . | . . . Level 5 . | . . . High Security . | . . . Max Security . | . . . Peak Influence 90 | 5 90 . Initial . | . . . Average 26 | . 36 . Influence Increases 155 | 15 120 20 Destroy 0b10 Robot/C 120 | . 100 20 Destroy 0b10 Robot/NC 15 | 15 . . Destroy Leader 20 | . 20 . Influence Decreases 155 | 15 100 40 Entered New Map 10 | . . 10 Time Decay 145 | 15 100 30 Squads Dispatched . | . . . Investigation . | . . . Extermination . | . . . Reinforcement . | . . . Assault . | . . . Garrison . | . . . Intercept . | . . . Searches Triggered . | . . . Construction Impeded . | . . . Haulers Reinforced . | . . . Active Scanning Responses . | . . . Cargo Convoy Interrupts . | . . . Stealth | -11 -10 -10 --------- Run | Yrd Mat Sub Distress Signals 1 | . 1 . Communications Jammed . | . . . Distress Signals . | . . . Times Spotted 13 | . 6 7 Peak Tracking Total 4 | . 4 3 Tactical Retreats . | . . . Traps | -11 -10 -10 ------- Run | Yrd Mat Sub Traps Triggered 2 | . 2 . Indirectly . | . . . Trap Hack Attempts . | . . . Triggered . | . . . Disarmed . | . . . Reprogrammed . | . . . Reused . | . . . Traps Extracted . | . . . Installed . | . . . Triggered . | . . . Machines | -11 -10 -10 ---------- Run | Yrd Mat Sub Machines Disabled . | . . . Max in Single Turn . | . . . Machines Repaired . | . . . Machines Dismantled . | . . . Machines Sabotaged . | . . . Overloaded Fab Kills . | . . . Hacking | -11 -10 -10 --------- Run | Yrd Mat Sub Machines Accessed 2 | . 2 . Terminals 1 | . 1 . Fabricators . | . . . Repair Stations . | . . . Recycling Units 1 | . 1 . Scanalyzers . | . . . Garrison Access . | . . . Total Hacks 2 | . 2 . Successful 1 | . 1 . Failed 1 | . 1 . Catastrophic . | . . . Database Lockouts . | . . . Manual 1 | . 1 . Terminals 1 | . 1 . Fabricators . | . . . Repair Stations . | . . . Recycling Units 1 | . 1 . Scanalyzers . | . . . Garrison Access . | . . . Terminal Hacks . | . . . Fabricator Hacks . | . . . Repair Station Hacks . | . . . Recycling Unit Hacks . | . . . Scanalyzer . | . . . Garrison Access Hacks . | . . . Unauthorized Hacks 1 | . 1 . Terminals 1 | . 1 . Botnet 1 | . 1 . Fabricators . | . . . Repair Stations . | . . . Recycling Units . | . . . Scanalyzers . | . . . Garrison Access . | . . . Data Cores Recovered . | . . . Used . | . . . Hacking Detections 1 | . 1 . Full Trace Events . | . . . Feedback Events . | . . . Feedback Blocked . | . . . Robot Schematics Acquired . | . . . Robots Built . | . . . Authchips . | . . . Time . | . . . Total Robot Build Rating . | . . . Part Schematics Acquired . | . . . Parts Built . | . . . Authchips . | . . . Time . | . . . Total Part Build Rating . | . . . Parts Repaired . | . . . Time . | . . . Parts Recycled . | . . . Recycled Matter . | . . . Retrieved Matter . | . . . Retrieved Components . | . . . Parts Scanalyzed . | . . . Part Schematics Acquired . | . . . Parts Damaged . | . . . Bothacking | -11 -10 -10 ------------ Run | Yrd Mat Sub Used RIF Installer . | . . . Robots Hacked . | . . . Non-combat . | . . . Combat . | . . . Robot Hacks Applied . | . . . Relay Couplers Released . | . . . Fabnet Peak Effective % . | . . . Robots Rewired . | . . . Allies Hacked . | . . . Hacks Repelled . | . . . Allies | -11 -10 -10 -------- Run | Yrd Mat Sub Total Allies . | . . . Largest Group . | . . . Highest-Rated Group . | . . . Highest-Rated Ally . | . . . Total Orders . | . . . Ally Attacks . | . . . Total Damage . | . . . Kills . | . . . Allies Corrupted . | . . . Allies Melted . | . . . Intel | -11 -10 -10 ------- Run | Yrd Mat Sub Active Infowar (turns) 722 | 15 288 419 Seismic 722 | 15 288 419 Robot Analysis Total . | . . . Derelict Logs Recovered 1 | . . 1 Drone Launches . | . . . Drone Recoveries . | . . . Exploration | -11 -10 -10 ------------- Run | Yrd Mat Sub Turns Passed 825 | 118 288 419 Spaces Moved 695 | 99 287 309 Core 8 | 7 . 1 Treads . | . . . Legs . | . . . Wheels 687 | 92 287 308 Hover . | . . . Flight . | . . . Fastest Speed 50 | 50 80 80 Average Speed 92 | 82 80 108 Slowest Speed 200 | 150 80 200 Overloaded Moves . | . . . Propulsion Burnouts . | . . . Robots Hopped . | . . . Potential Cave-ins . | . . . Cave-ins Triggered . | . . . Exploration Rate (%) 20 | 4 43 13 Regions Visited 2 Branch Regions 1 Pre-discovered Areas . | . . . Known Exits Taken . | . . . Unknown Exits Taken 2 | 1 1 . Scrap Searched . | . . . Spaces Dug . | . . . Terrain Destroyed 29 | . . 29 Melee . | . . . Projectile . | . . . AOE 29 | . . 29 Terrain Rammed . | . . . Walls Destroyed . | . . . Machines Disabled . | . . . Actions | -11 -10 -10 --------- Run | Yrd Mat Sub Total 803 | 117 322 364 Wait 37 | . 14 23 Move 693 | 98 286 309 Hop . | . . . Pick Up 10 | 4 4 2 Fast Attach 11 | 7 2 2 Attach . | . . . Detach . | . . . Swap 9 | 1 3 5 Drop 6 | . 2 4 Fire 37 | 7 11 19 Melee . | . . . Ram . | . . . Kick . | . . . Crush . | . . . Escape Stasis . | . . . Rewire . | . . . Trap . | . . . Miscellaneous . | . . . Route ------- -11/Scrapyard -10/Materials (discovered 2 exits: [*Min] / [*Sub]) -10/Subcaves History --------- Turn | Location | Event 16 | -11/Scrapyard | Discovered new exit (range 15) 119 | -11/Scrapyard | Entered Materials 301 | -10/Materials | Build established: Mutant 336 | -10/Materials | Discovered new exit (range 4) 397 | -10/Materials | Discovered new exit (range 13) 407 | -10/Materials | Entered Subcaves 414 | -10/Subcaves | Learned Materials garrison access intel 803 | -10/Subcaves | Core integrity fell below 50% 804 | -10/Subcaves | Ambushed by Subdweller buried in earth 821 | -10/Subcaves | Core integrity fell below 20% 826 | -10/Subcaves | Destroyed by X5-76Q(R) with Subdweller Laser Last Messages --------------- 00545_ Dropped Lgt. Assault Rifle. 00546_ Lgt. Armor Plating fries itself beyond repair. 00549_ Lgt. Treads fries itself beyond repair. 00586_ D1-R7W(R) knocked back. 00589_ D1-R7W(R) destroyed. 00590_ Acquired 5 matter. 00592_ Acquired Sub. Shrapnel Launcher. 00653_ Sub. Monowheel shoots sparks and powers down. 00728_ Subatomizers dissect the Lgt. Assault Rifle. 00761_ Subatomizers dissect the Lgt. Assault Rifle, destroying it. 00802_ Broken Sub. Monowheel destroyed. 00804_ Battle Cannon destroyed. 00805_ YK-N38(R): "ARGHSUB!" 00807_ 81-S99(R) destroyed. 00808_ Sub. Monowheel destroyed. 00816_ YK-N38(R) destroyed. Map ----- +----------------------------------------------------+ | | | | | | | ?????????????????????????????????????????????????? | | ?????????????????????????????????????????????????? | | ?????????????????????????????????????????????????? | | ?????????????????????????????????????????????????? | | ?????????????????????????????????????????????????? | | ?????????????????????????????????????????????????? | | ?????????????????????????????????????????????????? | | ?????????????????????????????????????????????????? | | ?????????????????????????????????????????????????? | | ?????????????????????????????????????????????????? | | ?????????????????????????????????????????????????? | | ?????????????????????????????????????????????????? | | ?????????????????????????????????????????????????? | | ?????????????????????????????????????????????????? | | ?????????????????????????????????????????????????? | | ???????????????????????????#####?????????????????? | | ???????????????????????##?? ##????????????????? | | ????????????????????#### ## ?????????????????? | | ????????????????????# ; ??????????######### | | ???????????????????##; ##??????##### &##!! | | ???????????????????# !* ##????## ! %[ | | ???????????????#??## &%= # ##?# ### [ %##& | | ?????????? #?# ## =/@ #?###?### ### | | ??????????? #??????# ##?## | | ????????"" """ ####??????## ##??# | | ???????????#"""# ## ##????####?## #??## | | ???????????#""?##?# ;##????# # ## #???? | | ????????????#""???# ####?# # #???? | | ????????????# ?##; #??# ##???? | | ????????????# # ; R #??### # #????? | | ????????????# % ##??# # #????? | | ????????????## ##### #????? | | ?????????????# ; ## ##????? | | ?????????????# ;;;; % ###???? | | ??????????? ####; [ ##??? | | ????????? ????## # # ##?? | | ???????# #### ???????####### ### "#?? | | ???????# ????##?????????????## #" ##?? | | ???????# ?????????????????????## # #??? | | ???????# ???????????????????????## ## #??? | | ??????? ?????????????????????????# ##" ##?? | | ??????????????????????????????????### " #?? | | ????????????????????????????????????# "" %& #?? | | ????????????????????????????????????# "##?? | | ????????????????????????????????????# ##??? | | ????????????????????????????????????# ##???? | | ????????????????????????????????????## #####????? | +----------------------------------------------------+ Best States ------------- Heat Dissipation 25 Energy Generation 15 Energy Capacity 250 Matter Stores 300 Matter Capacity 300 Sight Range 16 Terrain Scan Density 10 Evasion (%) 44 Item Schematics ----------------- None Robot Schematics ------------------ None Fabricated ------------ Nothing Repaired ---------- Nothing Alien Tech Used ----------------- None Achievements -------------- None Challenges ------------ None Game ------ Seed DeliveryScanAirjet Manual? 0 Play Time 00:08:07 Cumulative 24.5 hours Start 2025.07.30 @ 21:16:03 End 2025.07.30 @ 21:24:08 Sessions 1 Manual Loads 0 Difficulty Rogue Special Mode None Game No. 7 Rogue 2 Adventurer 5 Explorer 0 Win Type - Total 2 Types 0/0/2/0/0/0/0/0/0/0 Lore% 18 Gallery% 29 Achievement% 33 Wizard Run 0 Options --------- Layout 1 ASCII 0 Keyboard 1 Movement Arrows Keybinds 0 Fullscreen 2 Font 24/Smallcaps Map View 50x35 Zoom Use 0% Tactical HUD 1 Map Filters NONE Filters NONE Steam 1 RUN: e6651141-802e-4deb-9179-09bd9e9f9212